cohdb
Replays
Latest Replays
All Replays
Popular Replays
Top Player Replays
Match Explorer
How It Works
Community
CoH3 Stats
Reddit
Sign in to upload your games and track your stats! →
Sign in with Steam
Match 44951873
Unlisted
Match 44951873
Overview
Messages
Build Orders
End
Kradschützen Motorcycle Team
250 Light Carrier
Panzergrenadier Squad
Construct Light Support Kompanie
Panzergrenadier Squad
Combat Half-tracks
Construct Mechanized Kompanie
2.5-tonne Medical Truck
Assault Mechanized Group
MG34 Team
Veteran Squad Leaders
Vehicle Survival Package
Marder III Tank Destroyer
Selects Panzerjäger Kommand Battlegroup
Selects Panzerjäger Kommand Battlegroup
Selects Mine Fields
Selects Defensive Positions
Panzerjäger Mechanized Group
Kradschützen Motorcycle Team
8 Rad Armored Car
Marder III Tank Destroyer
Assault Mechanized Group
Brother
Homer Simpson's Coffin
0
0
Comments
sign in to comment!
No comments posted yet!